 Dungeon Crawl Stone Soup version 0.30-a0-782-ge64f9170bb (webtiles) character file.

Game seed: 13205638787924431516

61297 Drevant2 the Impaler (level 15, 0/117 HPs)
             Began as a Merfolk Gladiator on Feb 28, 2023.
             Was the Champion of Okawaru.
             Slain by a skyshark (11 damage)
             ... on level 1 of the Shoals.
             The game lasted 01:18:30 (31525 turns).

Drevant2 the Impaler (Merfolk Gladiator)           Turns: 31525, Time: 01:18:30

Health: 0/117      AC:  7    Str: 16    XL:     15   Next: 2%
Magic:  23/23      EV: 24    Int:  8    God:    Okawaru [******]
Gold:   1449       SH:  0    Dex: 21    Spells: 14/14 levels left

rFire   . . .      SeeInvis .    Y - +6 glaive (vamp)
rCold   + + .      Faith    .    (shield currently unavailable)
rNeg    . . .      Spirit   .    K - +0 steam dragon scales
rPois   .          Reflect  .    c - +0 helmet
rElec   +          Harm     .    U - scarf {shadows}
rCorr   .          Rampage  .    (no gloves)
Will    +....                    q - +0 pair of boots of Distant Shores {rElec}
Stlth   ++                       (no amulet)
HPRegen 0.39/turn                r - ring of protection from cold
MPRegen 0.18/turn                W - ring of protection from cold

@: no status effects
A: (nimble swimmer 2), mertail
a: Renounce Religion, Heroism, Finesse, Duel


You were on level 1 of the Shoals.
You worshipped Okawaru.
Okawaru was exalted by your worship.
You visited 5 branches of the dungeon, and saw 23 of its levels.
You also visited: Sewer.

You collected 2588 gold pieces.
You spent 1139 gold pieces at shops.

Inventory:

Hand Weapons
 x - a +2 vampiric halberd
 M - the +1 spear "Wuttuu" {flame, Str+3 Int+6}
   (You found it on level 9 of the Dungeon)

   Str:       It affects your strength (+3).
   Int:       It affects your intelligence (+6).
 S - the +5 bardiche "Keat" {holy, Int+3}
   (Okawaru gifted it to you on level 2 of the Lair of Beasts)

   Int:       It affects your intelligence (+3).
 Y - a +6 vampiric glaive (weapon)
Missiles
 e - 3 javelins (quivered)
 h - 4 silver javelins
 E - 3 curare-tipped darts
Armour
 c - a +0 helmet (worn)
 q - the +0 pair of boots of Distant Shores (worn) {rElec}
   (You found it on level 4 of the Dungeon)

   rElec:     It insulates you from electricity.
 s - the +0 leather armour of the Armadillo {rC+ Int+4}
   (You found it on level 3 of the Dungeon)

   Int:       It affects your intelligence (+4).
   rC:        It protects you from cold.
 A - a +0 leather armour of cold resistance
 K - +0 steam dragon scales (worn)
 U - a scarf of shadows (worn)
Jewellery
 a - an amulet of faith
 b - an amulet of reflection
 d - a ring of willpower
 j - a ring of poison resistance
 r - a ring of protection from cold (left hand)
 L - a +5 ring of evasion
 P - a ring of positive energy
 W - a ring of protection from cold (right hand)
Wands
 w - a wand of flame (14)
 G - a wand of quicksilver (33)
 J - a wand of iceblast (5)
 X - a wand of mindburst (16)
Scrolls
 f - a scroll of magic mapping
 i - 2 scrolls of torment
 k - 2 scrolls of immolation
 l - 4 scrolls of teleportation
 n - 4 scrolls of enchant weapon
 p - 3 scrolls of vulnerability
 u - 3 scrolls of amnesia
 v - 5 scrolls of poison
 y - 5 scrolls of fog
 H - a scroll of fear
 Q - a scroll of summoning
 T - a scroll of blinking
 V - a scroll of enchant armour
Potions
 g - 3 potions of mutation
 m - 2 potions of flight
 o - 2 potions of attraction {unknown}
 t - 3 potions of lignification {unknown}
 z - a potion of berserk rage {unknown}
 B - a potion of magic
 C - 2 potions of ambrosia {unknown}
 D - a potion of resistance
 F - 4 potions of brilliance
 I - 2 potions of curing
 N - 4 potions of invisibility {unknown}
 O - a potion of cancellation
 R - 4 potions of heal wounds
 Z - a potion of might


   Skills:
 - Level 10.6 Fighting
 * Level 20.7 Polearms
 - Level 10.2 Throwing
 - Level 15.8 Dodging
 - Level 11.1 Invocations


You had 14 spell levels left.
You didn't know any spells.
Your spell library contained the following spells:

 Spells                   Type           Power      Damage    Failure   Level
 Blink                    Tloc           0%         N/A       54%         2
 Cigotuvi's Dreadful Rot  Necr/Pois/Air  0%         N/A       54%         2
 Ensorcelled Hibernation  Hex/Ice        0%         N/A       54%         2
 Lesser Beckoning         Tloc           0%         N/A       54%         2
 Momentum Strike          Conj/Tloc      0%         3d8       54%         2
 Passwall                 Tmut/Erth      0%         N/A       54%         2
 Ignite Poison            Fire/Tmut/Pois 0%         N/A       78%         3
 Kindle Blastsparks       Fire/Tloc/Air  0%         2d10      78%         3
 Portal Projectile        Hex/Tloc       0%         N/A       78%         3
 Swiftness                Air            0%         N/A       78%         3
 Airstrike                Air            0%         2d(0-16)  99%         4
 Fulminant Prism          Conj/Hex       0%         3d5       99%         4
 Iskenderun's Mystic Bla  Conj/Tloc      0%         2d3       99%         4
 Leda's Liquefaction      Hex/Erth       0%         N/A       99%         4
 Passage of Golubria      Tloc           0%         N/A       99%         4
 Blade Hands              Tmut           0%         N/A       100%        5
 Freezing Cloud           Conj/Ice/Air   0%         6-21      100%        5
 Lee's Rapid Deconstruct  Erth           0%         3d4*      100%        5
 Lightning Bolt           Conj/Air       0%         1d11      100%        5
 Silence                  Hex/Air        0%         N/A       100%        5
 Eringya's Noxious Bog    Tmut/Pois      0%         N/A       100%        6
 Iron Shot                Conj/Erth      0%         9d1       100%        6
 Statue Form              Tmut/Erth      0%         N/A       100%        6
 Lehudib's Crystal Spear  Conj/Erth      0%         10d2      100%        8
 Necromutation            Tmut/Necr      0%         N/A       100%        8
 Tukima's Dance           Hex            Unusable   N/A       N/A         3
 Animate Armour           Summ/Erth      Unusable   N/A       N/A         4
 Summon Lightning Spire   Summ/Air       Unusable   N/A       N/A         4

Dungeon Overview and Level Annotations

Branches:
Dungeon (14/15)            Temple (1/1) D:4            Lair (5/5) D:10
 Shoals (1/4) Lair:2        Slime (0/5) Lair:5          Orc (2/2) D:11
 Vaults (0/5) D:13          Sewer (visited)
  Snake: Lair:2-3    Spider: Lair:2-3       Elf: Orc:2

Altars:
Ashenzari
Cheibriados
Dithmenos
Elyvilon
Fedhas
Gozag
Hepliaklqana
Kikubaaqudgha
Makhleb
Nemelex Xobeh
Okawaru
Qazlal
Ru
Sif Muna
Trog
Uskayaw
Vehumet
Wu Jian
Xom
Yredelemnul
Zin
The Shining One
Jiyva

Shops:
D:7 =   D:8 ?(   D:10 [[??   Orc:2 =

Annotations:
D:9 3 runed translucent doors, Silencio's ghost, novice MiFi
D:13 Sonja
Lair:3 Nessos
Orc:2 Jorgrun


Innate Abilities, Weirdness & Mutations

((You are very nimble when in or above water. (Stealth+, EV+, Speed+++)))
Your lower body shifts to a powerful aquatic tail in water.


Message History

The skyshark completely misses you.
You slice the skyshark!!
You feel better.
The skyshark is moderately wounded.
The skyshark bites you!! The skyshark closely misses you.
The skyshark bites you!!
* * * LOW HITPOINT WARNING * * *
The skyshark tail-slaps you!
* * * LOW HITPOINT WARNING * * *
You are too injured to fight recklessly!
You closely miss the skyshark.
The skyshark is moderately wounded.
The skyshark closely misses you. The skyshark completely misses you.
You closely miss the skyshark.
The skyshark is lightly wounded.
The skyshark closely misses you.
The skyshark tail-slaps you but does no damage.
The skyshark closely misses you. The skyshark barely misses you.
You slice the skyshark!!
You feel better.
The skyshark is heavily wounded.
The skyshark bites you!!
* * * LOW HITPOINT WARNING * * *
The skyshark misses you.
You barely miss the skyshark.
The skyshark is heavily wounded.
The skyshark barely misses you. The skyshark completely misses you.
The skyshark bites you but does no damage.
The skyshark tail-slaps you!
* * * LOW HITPOINT WARNING * * *
You barely miss the skyshark.
The skyshark is heavily wounded.
The skyshark barely misses you. The skyshark tail-slaps you.
* * * LOW HITPOINT WARNING * * *
You hit the skyshark but do no damage.
The skyshark is moderately wounded.
The skyshark closely misses you.
The skyshark tail-slaps you but does no damage.
The skyshark bites you!!
* * * LOW HITPOINT WARNING * * *
The skyshark tail-slaps you!
You die...

.. ...~ ~≈≈~~~.. ...
...~≈≈ ≈≈≈~~..# #.$
..~~≈≈ ≈≈≈~..#
#.####..~~≈≈ ≈≈≈~..#
#.......~~≈≈ ≈~~~..##
#..l....~~≈≈ ~~~~~..##
#@..~~~≈≈ ~~~~~...##
##.~~≈≈≈≈ ~~...~~~.#
#..~~≈≈≈≈
~......~.#######..~≈≈≈≈≈
..###.....##.....~~≈≈≈≈≈
.######..~...~~≈≈≈≈≈≈≈≈≈
..##.##..~~≈≈≈≈≈≈≈≈≈≈≈≈≈
~......~~≈≈≈≈≈≈≈≈≈≈≈≈≈≈≈
~~..~..~~≈≈≈≈≈≈≈≈≈≈≈≈≈≈≈


You could see a skyshark (berserk).

Vanquished Creatures
  A fire dragon (Lair:5)
  2 merfolk impalers (Shoals:1)
  Josephine (D:13)
  A hydra (Lair:3)
  2 catoblepae
  A centaur warrior (D:13)
  4 two-headed ogres
  A boulder beetle (D:12)
  An orc high priest (Orc:1)
  4 skysharks
  A swamp dragon (Lair:5)
  2 lindwurms (Lair:2)
  2 necromancers (D:13)
  A deep elf zephyrmancer (D:13)
  The ghost of TimeIsEndless the Shield-Bearer, a novice FoFi of Ru (D:5)
  2 deep elf pyromancers (D:13)
  2 orc sorcerers (Orc:2)
  3 ugly things
  3 cyclopes
  2 manticores
  5 elephants (Lair:5)
  2 merfolk sirens (Shoals:1)
  5 black mambas
  11 cane toads
  8 rime drakes
  3 gargoyles
  9 komodo dragons
  A tengu conjurer (D:14)
  7 polar bears
  2 wind drakes
  4 hornets
  5 trolls
  Prince Ribbit (D:5)
  17 blink frogs
  A snapping turtle (Shoals:1)
  7 dream sheep
  5 shadows
  5 wyverns
  5 wraiths
  A water elemental (Shoals:1)
  54 yaks
  7 basilisks
  3 steam dragons
  Grum (D:8)
  Menkaure (D:5)
  2 vampire mosquitoes (D:11)
  2 acid dragons
  10 water moccasins
  2 swamp drakes (Lair:5)
  14 orc warriors
  2 sky beasts
  2 black bears
  An ice beast (D:6)
  6 ogres
  10 wolves
  6 centaurs
  4 phantoms
  9 kobold brigands
  16 bullfrogs
  A gnoll sergeant (D:8)
  A spectral water moccasin (D:6)
  4 scorpions (D:4)
  15 wights
  A wyvern skeleton (D:6)
  4 killer bees (D:7)
  2 electric eels (D:6)
  5 howler monkeys
  A spectral centaur (D:6)
  12 orc priests
  6 hounds
  5 jellies
  A bullfrog skeleton (D:6)
  5 iguanas
  Jessica (D:3)
  Natasha (thrice) (D:2)
  21 orc wizards
  9 adders
  12 gnolls
  A river rat (Sewer)
  A shadow imp (D:6)
  2 white imps
  7 worms
  2 dart slugs
  49 orcs
  17 endoplasms
  5 giant cockroaches
  5 goblins
  10 hobgoblins
  4 jackals (D:1)
  4 quokkas
  7 ball pythons
  6 bats
  2 frilled lizards (D:1)
  20 kobolds
  12 rats
556 creatures vanquished.

Vanquished Creatures (others)
  An orc wizard (D:9)
  2 orcs (D:9)
  50 fungi
  100 plants
  15 withered plants (D:6)
168 creatures vanquished.

Grand Total: 724 creatures vanquished

Notes
Turn   | Place    | Note
-------+----------+-------------------------------------------
     0 | D:1      | Drevant2 the Merfolk Gladiator began the quest for the Orb.
     0 | D:1      | Reached XP level 1. HP: 16/16 MP: 1/1
   149 | D:1      | Reached XP level 2. HP: 21/23 MP: 2/2
   202 | D:1      | Reached XP level 3. HP: 15/28 MP: 3/3
  1225 | D:2      | Reached XP level 4. HP: 33/35 MP: 4/4
  1274 | D:2      | Found a glowing golden altar of the Shining One.
  1547 | D:2      | Noticed Natasha
  1557 | D:2      | Killed Natasha
  1948 | D:2      | Noticed Natasha
  1957 | D:2      | Killed Natasha
  1958 | D:2      | Reached skill level 5 in Polearms
  1958 | D:2      | Reached skill level 5 in Dodging
  1958 | D:2      | Reached XP level 5. HP: 32/41 MP: 5/5
  2202 | D:2      | Noticed Natasha
  2206 | D:2      | Killed Natasha
  2424 | D:3      | Identified the +0 leather armour of the Armadillo {rC+
                  | Int+4}
  2474 | D:3      | Noticed Jessica
  2483 | D:3      | Killed Jessica
  2586 | D:3      | Found a faded altar of an unknown god.
  3216 | D:4      | Reached XP level 6. HP: 22/48 MP: 6/6
  3459 | D:4      | Reached skill level 6 in Polearms
  3719 | D:4      | Reached skill level 7 in Polearms
  3719 | D:4      | Reached XP level 7. HP: 15/54 MP: 7/7
  4078 | D:4      | Reached skill level 8 in Polearms
  4260 | D:4      | Identified the +0 pair of boots of Distant Shores {rElec}
  4629 | D:4      | Reached skill level 9 in Polearms
  4927 | D:4      | Found a staircase to the Ecumenical Temple.
  5065 | Temple   | Entered the Ecumenical Temple
  5159 | Temple   | Became a worshipper of Warmaster Okawaru
  5261 | D:5      | Entered Level 5 of the Dungeon
  5261 | D:5      | Noticed Menkaure
  5425 | D:5      | Reached skill level 1 in Invocations
  5656 | D:5      | Found a blossoming altar of Fedhas.
  5663 | D:5      | Reached XP level 8. HP: 57/60 MP: 8/8
  5849 | D:5      | Found a large runed translucent door.
  5849 | D:5      | Found a large runed translucent door.
  5850 | D:5      | Noticed TimeIsEndless's ghost (novice FoFi)
  5925 | D:5      | Reached skill level 10 in Polearms
  6021 | D:5      | Noticed Prince Ribbit
  6069 | D:5      | Killed Prince Ribbit
  6278 | D:6      | Reached * piety under Okawaru
  6279 | D:6      | Reached skill level 11 in Polearms
  6697 | D:6      | Found a glowing drain.
  6718 | Sewer    | Entered a sewer
  6838 | Sewer    | Reached XP level 9. HP: 59/65 MP: 12/12
  7042 | Sewer    | Reached skill level 5 in Invocations
  7543 | D:6      | Reached ** piety under Okawaru
  7842 | D:6      | Identified the +8 dagger "Lilaevvo" {pain, rPois Str+4}
  7983 | D:7      | Found Cenga's Jewellery Shop.
  8098 | D:7      | Reached skill level 12 in Polearms
  8668 | D:7      | Reached XP level 10. HP: 29/71 MP: 15/15
  8929 | D:7      | Reached *** piety under Okawaru
  9133 | D:8      | Found Aleotsawn's Antique Weapon Shop.
  9189 | D:8      | Noticed Grum
  9407 | D:8      | Reached skill level 13 in Polearms
  9971 | D:8      | Killed Grum
  9995 | D:8      | Found Lawk's Magic Scroll Emporium.
 10032 | D:8      | Bought a scroll of identify for 30 gold pieces
 10032 | D:8      | Bought a scroll of blinking for 112 gold pieces
 10111 | D:8      | Bought a scroll of silence for 142 gold pieces
 10488 | D:9      | Received a gift from Okawaru
 10544 | D:9      | Reached skill level 5 in Fighting
 10584 | D:9      | Found an ancient bone altar of Kikubaaqudgha.
 10586 | D:9      | Found a shimmering blue altar of Sif Muna.
 10587 | D:9      | Found a stormy altar of Qazlal.
 10592 | D:9      | Found a sacrificial altar of Ru.
 10610 | D:9      | Identified the +1 spear "Wuttuu" {flame, Str+3 Int+6}
 10834 | D:9      | Reached skill level 14 in Polearms
 11470 | D:9      | Found a runed translucent gate.
 11470 | D:9      | Found a runed translucent gate.
 11470 | D:9      | Found a runed translucent gate.
 11500 | D:9      | Noticed a spectral wolf spider
 11504 | D:9      | Noticed a spectral centaur warrior
 11610 | D:9      | Noticed a spectral centaur warrior
 11610 | D:9      | Noticed Silencio's ghost (novice MiFi)
 12290 | D:5      | Killed Menkaure
 12291 | D:5      | Reached skill level 15 in Polearms
 12417 | D:5      | Got Ciepte's Enchiridion on Evil Transformation
 12589 | D:5      | Killed TimeIsEndless's ghost
 12589 | D:5      | Reached **** piety under Okawaru
 12590 | D:5      | Reached XP level 11. HP: 72/83 MP: 17/17
 12791 | D:7      | Noticed a cyclops
 12803 | D:7      | Killed a cyclops
 12803 | D:7      | Received a gift from Okawaru
 13311 | D:10     | Entered Level 10 of the Dungeon
 13318 | D:10     | Found Ziggaano's Magic Scroll Emporium.
 13322 | D:10     | Found a staircase to the Lair.
 13325 | D:10     | Bought a scroll of fear for 60 gold pieces
 13325 | D:10     | Bought a scroll of teleportation for 45 gold pieces
 13325 | D:10     | Bought a scroll of teleportation for 45 gold pieces
 13325 | D:10     | Bought a scroll of teleportation for 45 gold pieces
 13465 | D:10     | Noticed a two-headed ogre
 13503 | D:10     | Reached skill level 16 in Polearms
 13830 | D:10     | Found a glowing silver altar of Zin.
 13908 | D:10     | Noticed a stone giant
 14117 | D:10     | Found Wovvef's Armour Boutique.
 14401 | D:11     | Reached ***** piety under Okawaru
 14428 | D:11     | Found a sacrificial altar of Ru.
 14571 | D:11     | Noticed a boulder beetle
 14747 | D:11     | Noticed a two-headed ogre
 14876 | D:10     | Killed a two-headed ogre
 14877 | D:10     | Reached skill level 10 in Dodging
 14922 | D:10     | Identified the +7 mace of the Moth {heavy, rN+}
 14927 | D:10     | Paralysed by a hornet for 2 turns
 15117 | D:10     | Found Liacek's Magic Scroll Shoppe.
 15125 | D:10     | Bought a scroll of blinking for 82 gold pieces
 15125 | D:10     | Bought a scroll of summoning for 104 gold pieces
 15125 | D:10     | Bought a scroll of identify for 22 gold pieces
 15319 | D:10     | Noticed a three-headed hydra
 15429 | Lair:1   | Entered Level 1 of the Lair of Beasts
 15447 | Lair:1   | Reached skill level 5 in Throwing
 15587 | Lair:1   | Received a gift from Okawaru
 15919 | Lair:1   | Reached XP level 12. HP: 65/91 MP: 18/18
 16161 | Lair:1   | Identified the +0 pair of boots of Dowdy Fun {Stlth+}
 16193 | Lair:1   | Noticed a catoblepas
 16424 | Lair:1   | Reached skill level 17 in Polearms
 16557 | Lair:2   | Identified the +5 bardiche "Keat" {holy, Int+3} (Okawaru
                  | gifted it to you on level 2 of the Lair of Beasts)
 16557 | Lair:2   | Received a gift from Okawaru
 17304 | Lair:2   | Found a staircase to the Shoals.
 17619 | Lair:2   | Reached skill level 18 in Polearms
 17865 | Lair:2   | Received a gift from Okawaru
 18616 | Lair:2   | Reached skill level 19 in Polearms
 18943 | Lair:2   | Identified a scroll of acquirement
 18943 | Lair:2   | Acquired 921 gold pieces
 18943 | Lair:2   | Paralysed by a hornet for 3 turns
 19425 | D:10     | Bought a scroll of fog for 60 gold pieces
 19425 | D:10     | Bought a scroll of enchant weapon for 112 gold pieces
 19605 | Lair:3   | Reached skill level 20 in Polearms
 19667 | Lair:3   | Noticed a four-headed hydra
 19693 | Lair:3   | Killed a four-headed hydra
 19854 | Lair:3   | Noticed Nessos
 20490 | Lair:3   | Identified the +7 flail "Gauczub" {drain, rPois Str+2 Int+8
                  | Dex-3}
 20606 | Lair:4   | Reached XP level 13. HP: 92/96 MP: 19/19
 22533 | Lair:5   | Entered Level 5 of the Lair of Beasts
 22861 | Lair:5   | Received a gift from Okawaru
 23810 | Lair:5   | Reached ****** piety under Okawaru
 24086 | Lair:5   | Received a gift from Okawaru
 24090 | Lair:5   | Reached skill level 10 in Invocations
 24494 | Lair:5   | Found a viscous altar of Jiyva.
 24515 | Lair:5   | Found a staircase to the Slime Pits.
 24625 | Lair:5   | Received a gift from Okawaru
 24721 | Lair:5   | Reached XP level 14. HP: 106/109 MP: 21/21
 24746 | Lair:5   | Reached skill level 10 in Fighting
 25776 | Lair:5   | Identified the +4 ring mail "Neri" {rC+ rN+ Str+3 Int+3}
 26094 | D:10     | Reached skill level 10 in Throwing
 26228 | D:10     | Received a gift from Okawaru
 26337 | D:10     | Found Miycwah's Antique Armour Shop.
 26636 | D:11     | Found a staircase to the Orcish Mines.
 27082 | D:12     | Received a gift from Okawaru
 27600 | D:12     | Received a gift from Okawaru
 27964 | D:13     | Found a gate to the Vaults.
 27969 | D:13     | Received a gift from Okawaru
 28239 | D:13     | Received a gift from Okawaru
 28470 | D:13     | Noticed Josephine
 28481 | D:14     | Identified the +0 buckler "Xywetel" {Str+2} (Okawaru gifted
                  | it to you on level 14 of the Dungeon)
 28481 | D:14     | Received a gift from Okawaru
 28507 | D:13     | Killed Josephine
 28561 | D:13     | Noticed Sonja
 28868 | Orc:1    | Entered Level 1 of the Orcish Mines
 29402 | Orc:1    | Found a shimmering blue altar of Sif Muna.
 29736 | Orc:2    | Entered Level 2 of the Orcish Mines
 29740 | Orc:2    | Noticed Jorgrun
 30533 | Orc:2    | Paralysed by an orc sorcerer for 5 turns
 30722 | Orc:2    | Found Cuvoati's Jewellery Emporium.
 30727 | Orc:2    | Bought a ring of poison resistance for 280 gold pieces
 30755 | Orc:2    | Reached skill level 15 in Dodging
 30998 | Shoals:1 | Entered Level 1 of the Shoals
 31290 | Shoals:1 | Noticed a kraken
 31413 | Shoals:1 | Reached XP level 15. HP: 117/117 MP: 23/23
 31525 | Shoals:1 | Slain by a skyshark

Illustrated notes

Levels and vault maps discovered:
D:1:      dpeg_arrival_snail, layout_basic
D:2:      layout_basic, basic_altar, minivault_11, uniq_natasha
D:3:      layout_loops_ring, dreamdust_ecumenical_altar_statues,
          chequers_serial_rivers_large_b, uniq_jessica
D:4:      layout_loops_ring, minmay_temple_entry_hall, grunt_ministairs_14
D:5:      layout_loops_ring, overflow_temple_1_default,
          ebering_ghost_disaster_area, uniq_menkaure, uniq_prince_ribbit1
D:6:      layout_cave_pools, cheibrodos_sewer_entry_bend, minmay_crystal_water,
          dilly_guarded_unrand_morg
D:7:      layout_basic, serial_shops, kennysheep_mini, reono_crystal_passage
D:8:      layout_basic, serial_shops, nicolae_shop_stone, shop,
          chequers_serial_rivers_large_a, uniq_grum
D:9:      layout_roguey, grunt_temple_overflow_open, gammafunk_ghost_necromancy
D:10:     minmay_roctagon, layout_basic, zin_statuary, lair_entry_dummy,
          serial_shops, shop, nicolae_lakefront_shop, shop, shop, shop,
          hangedman_ranch
D:11:     layout_irregular_city, orc_0_dummy, nicolae_ru_awakened_eye
D:12:     layout_cave_pools
D:13:     layout_cave_pools, david_vaults_1, drop_trap, uniq_josephine,
          uniq_sonja
D:14:     gammafunk_cloud_chamber, layout_basic, roderic_three_in_a_row,
          nicolae_lava_and_water
Temple:   minmay_temple_bridge_d
Lair:1:   layout_cave_pods, lemuel_fruit_tree, lemuel_fruit_fields,
          infiniplex_staircase_pool, grunt_megastairs_2
Lair:2:   cheibrodos_lair_overgrown_chateau, layout_regular_city,
          minmay_shoals_entry_beasts
Lair:3:   layout_layer_cave, spider_nest_entry_webs, uniq_nessos
Lair:4:   layout_concentric_octagons, infiniplex_staircase_pool_2
Lair:5:   guppyfry_lair_end_dragon, layout_regular_city,
          nicolae_slime_entry_field_trip, grunt_megastairs_3
Shoals:1: layout_shoals
Orc:1:    layout_diamond_mine, nicolae_orc_flooded_monolith,
          kennysheep_orc_sif_temple
Orc:2:    grunt_orc_community_town_hall, layout_caves,
          grunt_orc_community_big_house_2, grunt_orc_community_big_house_2,
          grunt_orc_community_house_3, grunt_orc_community_house_3,
          grunt_orc_community_house_2, grunt_orc_community_house_2,
          grunt_orc_community_house_3, grunt_orc_community_house_1,
          gammafunk_ghost_grave, uniq_jorgrun

Skill      XL: |  1  2  3  4  5  6  7  8  9 10 11 12 13 14 |
---------------+-------------------------------------------+-----
Fighting       | 3 4 6 7 9 10 | 10.6
Polearms       | 5 7 9 11 12 15 16 20 | 20.7
Throwing       | 3 6 7 9 10 | 10.2
Dodging        | 5 6 9 11 15 | 15.8
Invocations    | 1 4 7 8 10 11 | 11.1

Action                     |  1- 3 |  4- 6 |  7- 9 | 10-12 | 13-15 || total
---------------------------+-------+-------+-------+-------+-------++-------
  Melee: Trident           |   123 |   172 |   303 |       |       ||   598
         Punch             |       |     1 |     5 |     1 |       ||     7
         Halberd           |       |       |   227 |   528 |       ||   755
         Tailslap          |       |       |     5 |       |     7 ||    12
         Spear             |       |       |       |    38 |       ||    38
         Bardiche          |       |       |       |   230 |    24 ||   254
         Glaive            |       |       |       |       |   844 ||   844
  Throw: Throwing net      |     1 |     3 |       |       |       ||     4
         Javelin           |       |     1 |     8 |    13 |     3 ||    25
         Dart              |       |       |     3 |     4 |       ||     7
 Invoke: Heroism           |       |       |       |     2 |       ||     2
         Finesse           |       |       |       |     1 |       ||     1
    Use: Potion            |       |     2 |     9 |    11 |     7 ||    29
         Scroll            |       |       |     6 |    14 |    15 ||    35
   Stab: Sleeping          |     4 |     4 |     4 |     1 |     3 ||    16
         Held in net/web   |       |     1 |       |       |       ||     1
         Distracted        |       |       |     1 |     1 |     5 ||     7
         Confused          |       |       |       |       |     2 ||     2
 Armour: Leather armour    |    28 |    24 |    60 |    84 |    14 ||   210
         Steam dragon scal |       |       |       |       |    64 ||    64
  Dodge: Dodged            |    86 |    83 |   251 |   522 |   571 ||  1513

Table legend: (Time is in decaauts)
 A = Elapsed time spent in this place.
 B = Non-inter-level travel time spent in this place.
 C = Inter-level travel time spent in this place.
 D = Time resting spent in this place.
 E = Time spent auto-exploring this place.
 F = Levels seen in this place.
 G = Mean time per level.
                   A        B        C        D        E       F      G
               +--------+--------+--------+--------+--------+-----+--------+
         Total |  30766 |  23178 |   7588 |  11059 |   6765 |  24 | 1281.9 |
       Dungeon |  17681 |  12945 |   4736 |   5071 |   4880 |  14 | 1262.9 |
        Temple |    165 |     69 |     96 |      0 |     61 |   1 |  165.0 |
          Lair |  10251 |   7883 |   2368 |   4933 |   1334 |   5 | 2050.2 |
        Shoals |    466 |    335 |    131 |    172 |     61 |   1 |  466.0 |
  Orcish Mines |   1822 |   1566 |    256 |    864 |    414 |   2 |  911.0 |
         Sewer |    379 |    379 |      0 |     18 |     12 |   1 |  379.0 |
               +--------+--------+--------+--------+--------+-----+--------+

Top non-repeatable levels by time:
  Lair:2: 2992 daAuts
  Lair:5: 2814 daAuts
  Lair:4: 2328 daAuts
     D:4: 2259 daAuts
     D:7: 1807 daAuts
    D:10: 1766 daAuts
  Lair:1: 1514 daAuts
     D:9: 1468 daAuts
     D:8: 1446 daAuts
    D:11: 1306 daAuts
     D:6: 1292 daAuts
   Orc:1: 1286 daAuts
     D:2: 1281 daAuts
     D:5: 1197 daAuts
    D:12: 1031 daAuts
